 Dungeon Crawl Stone Soup version 0.19-a0-1740-g0bcaf2e (webtiles) character file.

241 kae the Shield-Bearer (level 6, -3/49 HPs)
             Began as a Formicid Fighter on Oct 2, 2016.
             Slain by Crazy Yiuf
             ... wielding a +2 quarterstaff of chaos
              (17 damage)
             ... on level 3 of the Dungeon.
             The game lasted 00:01:08 (1808 turns).

kae the Shield-Bearer (Formicid Fighter)            Turns: 1808, Time: 00:01:09

Health: -3/49      AC:  8    Str: 23    XL:     6   Next: 30%
Magic:  6/6        EV:  8    Int:  7    God:
Gold:   161        SH: 10    Dex: 10    Spells: 0 memorised, 5 levels left

rFire  . . .     SeeInvis +     a - +0 long sword
rCold  . . .     Gourm    .     b - +0 scale mail
rNeg   . . .     Faith    .     c - +0 shield
rPois  .         Spirit   .     (helmet unavailable)
rElec  .         Dismiss  .     m - +1 cloak
rCorr  .         Reflect  .     (no gloves)
MR     .....     Harm     .     (no boots)
Stlth  ..........               (no amulet)
                                (no ring)
                                (no ring)

@: drained
A: permanent stasis, dig shafts and tunnels, four strong arms, antennae 3
a: Dig, Shaft Self


You were on level 3 of the Dungeon.
You were not hungry.

You visited 1 branch of the dungeon, and saw 3 of its levels.

You collected 161 gold pieces.

Inventory:

Hand Weapons
 a - a +0 long sword (weapon)
Armour
 b - a +0 scale mail (worn)
 c - a +0 shield (worn)
 m - a +1 cloak (worn)
Jewellery
 e - a cursed ring of teleportation {unknown}
 g - a cursed amulet of regeneration {unknown}
Scrolls
 h - a scroll of identify {unknown}
 i - 2 scrolls of blinking {unknown}
 j - a scroll of immolation {unknown}
 l - a scroll of amnesia {unknown}
 n - a scroll of magic mapping {unknown}
 o - a scroll of remove curse {unknown}
Potions
 d - a potion of might
 k - a potion of curing
 p - a potion of brilliance {unknown}
Comestibles
 f - a bread ration
 r - a slice of pizza


   Skills:
 + Level 4.7(4.4) Fighting
 * Level 4.4(4.2) Long Blades
 - Level 3.2(3.0) Armour
 + Level 5.0(4.7) Shields


You had 5 spell levels left.
You didn't know any spells.

Dungeon Overview and Level Annotations

Branches:
Dungeon (3/15)

Altars:
Makhleb
Vehumet

Annotations:
D:3 Crazy Yiuf


Innate Abilities, Weirdness & Mutations

You are under a permanent stasis effect.
You can dig through walls and to a lower floor.
Your four strong arms can wield two-handed weapons with a shield.
You have a pair of large antennae on your head. (SInv)


Message History

Crazy Yiuf is heavily wounded.
Crazy Yiuf hits you with a quarterstaff of chaos.
Your shield prevents you from hitting Crazy Yiuf.
Crazy Yiuf is heavily wounded.
You block Crazy Yiuf's attack.
You closely miss Crazy Yiuf.
Crazy Yiuf is moderately wounded.
Crazy Yiuf hits you with a quarterstaff of chaos.
You closely miss Crazy Yiuf.
Crazy Yiuf is moderately wounded.
Crazy Yiuf hits you with a quarterstaff of chaos.
You hit Crazy Yiuf.
Crazy Yiuf is severely wounded.
You block Crazy Yiuf's attack.
You hit Crazy Yiuf.
Crazy Yiuf is almost dead.
Crazy Yiuf hits you with a quarterstaff of chaos!
* * * LOW HITPOINT WARNING * * *
You are electrocuted!
You die...

# #.....# ####.#
# #.....# #....#
# #.....# #.####
###.....# ###
.####.####
#........#
(.....##.## ####
######
..........#
#)..### ##....##
#...#..#.##
#..g@.####..^...#
#......#.#
#...##..#.PP....#
#....)...# ####
###.#.P....#####
#.#รท.....#
#######.......
#.....####
######## .......#
### # ####...#
#.####### ##
#...# #.......#
#. #...#
#.#####.# ###.


You could see Crazy Yiuf.

Vanquished Creatures
  Sigmund (D:3)
  6 adders
  A worm (D:3)
  A dart slug (D:2)
  A giant cockroach (D:1)
  5 goblins
  6 hobgoblins
  2 kobolds
  A quokka (D:3)
  2 bats (D:2)
  A frilled lizard (D:2)
  6 rats
  A fungus (D:3)
34 creatures vanquished.

Notes
Turn   | Place    | Note
-------+----------+-------------------------------------------
     0 | D:1      | kae the Formicid Fighter began the quest for the Orb.
     0 | D:1      | Reached XP level 1. HP: 18/18 MP: 1/1
   201 | D:1      | Reached XP level 2. HP: 18/24 MP: 2/2
   632 | D:2      | Reached skill level 4 in Shields
   632 | D:2      | Reached XP level 3. HP: 29/29 MP: 3/3
   899 | D:2      | Reached XP level 4. HP: 20/37 MP: 4/4
   953 | D:2      | Found a burning altar of Makhleb.
   953 | D:2      | Found a radiant altar of Vehumet.
  1215 | D:3      | Noticed Sigmund
  1250 | D:3      | Killed Sigmund
  1250 | D:3      | Reached skill level 5 in Shields
  1250 | D:3      | Reached XP level 5. HP: 25/43 MP: 5/5
  1250 | D:3      | Reached XP level 6. HP: 29/49 MP: 6/6
  1791 | D:3      | Found a runed door.
  1795 | D:3      | Noticed Crazy Yiuf
  1808 | D:3      | Slain by Crazy Yiuf

Vault maps used:
D:1:      roderic_chinese_lattice_arrival
D:2:      gammafunk_temple_overflow_statue
D:3:      uniq_crazy_yiuf_cottage, uniq_sigmund

Skill      XL: |  1  2  3  4 |
---------------+-------------+-----
Shields        | 4 5 |  5.0
Long Blades    | 3 4 |  4.4
Fighting       | 4 |  4.7
Armour         | |  3.2

Action                   |  1- 3 |  4- 6 || total
-------------------------+-------+-------++-------
Melee: Long sword        |    96 |    87 ||   183
  Use: Potion            |       |     2 ||     2
  Eat: Chunk             |       |     3 ||     3
Armor: Scale mail        |    34 |    13 ||    47
Dodge: Dodged            |    32 |    20 ||    52
Block: Shield            |    37 |    32 ||    69
